 Dungeon Crawl Stone Soup version 0.23.2-1-ga50397a (webtiles) character file.

Game seed: 6526461989014337389

2132 diana the Skirmisher (level 9, -3/69 HPs)
             Began as a Demonspawn Gladiator on May 21, 2019.
             Was an Initiate of Okawaru.
             Shot with a bolt by an orc warrior (16 damage)
             ... in a bailey.
             The game lasted 00:08:46 (6613 turns).

diana the Skirmisher (Demonspawn Gladiator)         Turns: 6613, Time: 00:08:47

Health: -3/69      AC: 15    Str: 17    XL:     9   Next: 9%
Magic:  0/9        EV: 13    Int:  9    God:    Okawaru [......]
Gold:   384        SH:  0    Dex: 16    Spells: 8/8 levels left

rFire    . . .     SeeInvis .   a - +1 quarterstaff
rCold    + . .     Gourm    .   (shield currently unavailable)
rNeg     + . .     Faith    .   y - +2 scale mail {rC+}
rPois    .         Spirit   +   c - +1 helmet
rElec    .         Reflect  .   (no cloak)
rCorr    .         Harm     .   g - +0 pair of gloves
MR       .....                  (no boots)
Stlth    ..........             (no amulet)
HPRegen  0.21/turn              n - ring of positive energy
MPRegen  0.11/turn              i - ring of attention (curse)

@: no status effects
A: claws 1, molten scales 2, powered by death 1, magic shield
a: Renounce Religion


You were in a bailey.
You worshipped Okawaru.
Okawaru was noncommittal.
You were hungry.

You visited 2 branches of the dungeon, and saw 8 of its levels.
You also visited: Sewer and Bailey.

You collected 384 gold pieces.

Inventory:

Hand Weapons
 a - a +1 quarterstaff (weapon)
Missiles
 d - 3 throwing nets (quivered)
Armour
 c - a +1 helmet (worn)
 g - a +0 pair of gloves (worn)
 r - a +0 pair of boots
 y - a +2 scale mail of cold resistance (worn)
 B - a cursed +0 leather armour
Jewellery
 b - an uncursed ring of resist corrosion {unknown}
 i - a cursed ring of attention (right hand)
 n - a ring of positive energy (left hand)
 v - an uncursed ring of fire
 x - an uncursed ring of protection from magic
Wands
 p - a wand of random effects (13)
 A - a wand of scattershot (5)
 D - a wand of digging (5)
Scrolls
 e - 3 scrolls of fear
 h - 4 scrolls of enchant armour
 j - 4 scrolls of teleportation
 m - a scroll of fog
 o - 2 scrolls of amnesia
 q - 2 scrolls of remove curse
 u - 2 scrolls of random uselessness
Potions
 k - 4 potions of heal wounds
 l - a potion of haste {unknown}
 s - 2 potions of brilliance {unknown}
 t - a potion of agility {unknown}
 w - a potion of degeneration {unknown}
 z - a potion of invisibility {unknown}
Comestibles
 f - 7 rations


   Skills:
 + Level 6.3 Fighting
 + Level 6.1 Staves
 - Level 1.7 Throwing
 + Level 5.3 Armour
 + Level 6.1 Dodging


You had 8 spell levels left.
You didn't know any spells.
Your spell library was empty.

Dungeon Overview and Level Annotations

Branches:
Dungeon (7/15)             Temple (1/1) D:7

Altars:
Ashenzari
Fedhas
Gozag
Kikubaaqudgha
Nemelex Xobeh
Okawaru
Qazlal
Ru
Uskayaw
Zin


Innate Abilities, Weirdness & Mutations

You have sharp fingernails.
You are mostly covered in molten scales. (AC +3)
You regenerate a little health from kills.
When hurt, damage is shared between your health and your magic reserves.


Message History

There is an empty arch of ancient stone, spattered with blood here.
You are too injured to fight recklessly!
You are too injured to fight recklessly!
You are too injured to fight recklessly!
The orc warrior misses you.
There is a gate leading back out of this place here.
Unknown command.
An orc comes into view. It is wielding a +0 trident.
The orc shouts!
The orc warrior shoots a bolt.
The bolt hits you!!
* * * LOW HITPOINT WARNING * * *
An orc warrior comes into view. It is wielding a +0 arbalest.
The orc warrior barely misses you.
An orc comes into view. It is wielding a +0 halberd.
The orc moves out of view.
You hear a shout!
Found a gate leading back out of this place.
You see here a bolt.
The orc warrior shoots a bolt.
The bolt hits you!!
You die...

#### ##∩## ####
....##...##.o..
≈≈≈..#...#..≈≈≈
≈o≈≈.......≈≈o≈
oo≈.......≈o
≈....... #).o#
#.@(# ##∩## ###


You could see an orc knight, 4 orc warriors and an orc.

Vanquished Creatures
  A hippogriff (D:7)
  Purgy (Sewer)
  2 ice beasts
  3 centaurs
  2 ogres (D:5)
  A bullfrog (D:7)
  A water moccasin skeleton (D:5)
  3 wights (D:6)
  A howler monkey (D:3)
  3 crimson imps
  3 bullfrog zombies
  5 hounds
  An orc priest (D:7)
  Ijyb (D:5)
  3 orc wizards (D:6)
  2 iguanas
  3 worker ants
  7 gnolls
  16 adders
  A shadow imp (D:5)
  An ooze (D:1)
  An adder zombie (D:5)
  4 adder skeletons
  5 worms
  A dart slug (D:2)
  4 leopard geckos
  18 orcs
  7 bats
  9 giant cockroaches
  7 goblins
  3 hobgoblins
  11 jackals
  4 quokkas
  4 ball pythons
  10 frilled lizards
  14 kobolds
  11 rats
174 creatures vanquished.

Notes
Turn   | Place    | Note
-------+----------+-------------------------------------------
     0 | D:1      | diana the Demonspawn Gladiator began the quest for the Orb.
     0 | D:1      | Reached XP level 1. HP: 16/16 MP: 1/1
   345 | D:1      | Gained mutation: You are partially covered in molten
                  | scales. (AC +2) [demonic ancestry]
   345 | D:1      | Reached XP level 2. HP: 21/22 MP: 2/2
   664 | D:2      | Reached skill level 1 in Armour
   691 | D:2      | Gained mutation: You have sharp fingernails. [demonic
                  | ancestry]
   691 | D:2      | Reached XP level 3. HP: 27/28 MP: 3/3
  1587 | D:2      | Gained mutation: You regenerate a little health from kills.
                  | [demonic ancestry]
  1587 | D:2      | Reached XP level 4. HP: 20/34 MP: 4/4
  2525 | D:3      | Reached XP level 5. HP: 25/41 MP: 5/5
  3018 | D:3      | Noticed a +0 dagger
  3019 | D:3      | Noticed a +0 hand axe
  3021 | D:3      | Found a hide-covered altar of Uskayaw.
  3643 | D:4      | Gained mutation: When hurt, damage is shared between your
                  | health and your magic reserves. [demonic ancestry]
  3643 | D:4      | Reached XP level 6. HP: 47/47 MP: 6/6
  3717 | D:4      | Found a glowing drain.
  3731 | Sewer    | Entered a sewer
  3793 | Sewer    | Noticed Purgy
  3808 | Sewer    | Killed Purgy
  4074 | D:4      | You fall through a shaft!
  4074 | D:5      | Entered Level 5 of the Dungeon
  4130 | D:5      | Noticed Ijyb
  4170 | D:5      | Found a shattered altar of Ashenzari.
  4202 | D:5      | Killed Ijyb
  4202 | D:5      | Reached XP level 7. HP: 51/54 MP: 7/7
  5117 | D:5      | Reached skill level 5 in Fighting
  5117 | D:5      | Reached skill level 5 in Staves
  5117 | D:5      | Gained mutation: You are mostly covered in molten scales.
                  | (AC +3) [demonic ancestry]
  5117 | D:5      | Reached XP level 8. HP: 7/62 MP: 1/8
  5380 | D:6      | Reached skill level 5 in Dodging
  6251 | D:7      | Found a staircase to the Ecumenical Temple.
  6341 | D:7      | Noticed a hippogriff
  6350 | D:7      | Killed a hippogriff
  6350 | D:7      | Reached skill level 5 in Armour
  6439 | Temple   | Entered the Ecumenical Temple
  6461 | Temple   | Became a worshipper of Warmaster Okawaru
  6483 | D:7      | Reached XP level 9. HP: 28/69 MP: 4/9
  6590 | D:7      | Found a flagged portal.
  6598 | Bailey   | Entered a bailey
  6598 | Bailey   | Noticed an orc knight
  6613 | Bailey   | Shot with a bolt by an orc warrior

Skill      XL: |  1  2  3  4  5  6  7  8 |
---------------+-------------------------+-----
Staves         | 3 4 5 6 |  6.1
Armour         | 1 2 3 4 5 |  5.3
Dodging        | 3 4 6 |  6.1
Fighting       | 3 4 5 6 |  6.3
Throwing       | |  1.7

Action                   |  1- 3 |  4- 6 |  7- 9 || total
-------------------------+-------+-------+-------++-------
Melee: Quarterstaff      |   145 |   325 |   400 ||   870
Throw: Throwing net      |       |       |     1 ||     1
  Use: Scroll            |       |     4 |     8 ||    12
       Potion            |       |       |     1 ||     1
  Eat: Chunk             |     2 |     8 |     9 ||    19
Armor: Leather armour    |    33 |       |       ||    33
       Chain mail        |   106 |   242 |     5 ||   353
       Scale mail        |       |       |   230 ||   230
Dodge: Dodged            |    91 |   169 |   296 ||   556
